 Dungeon Crawl Stone Soup version 0.29-a0-721-g7f417c9bbb (webtiles) character file.

Game seed: 12299388357927478438

90 dolemite99 the Shooter (level 4, -3/33 HPs)
             Began as a Demonspawn Hunter on June 27, 2022.
             Was a Follower of Sif Muna.
             Slain by a water moccasin (5 damage)
             ... on level 3 of the Dungeon.
             The game lasted 00:01:53 (2489 turns).

dolemite99 the Shooter (Demonspawn Hunter)          Turns: 2489, Time: 00:01:53

Health: -3/33      AC:  5    Str: 11    XL:     4   Next: 32%
Magic:  4/4        EV: 10    Int: 10    God:    Sif Muna [*.....]
Gold:   108        SH:  4    Dex: 19    Spells: 3/3 levels left

rFire   . . .      SeeInvis .   a - +0 shortbow
rCold   . . .      Faith    .   (shield currently unavailable)
rNeg    . . .      Spirit   .   i - +0 ring mail
rPois   .          Reflect  .   (no helmet)
rElec   .          Harm     .   (no cloak)
rCorr   .          Rampage  .   (no gloves)
Will    .....                   (no boots)
Stlth   +.........              (no amulet)
HPRegen 0.11/turn               (no ring)
MPRegen 0.09/turn               (no ring)

@: lethally poisoned (-3 -> -3)
A: claws 1, large bone plates 1
a: Renounce Religion, Channel Magic


You were on level 3 of the Dungeon.
You worshipped Sif Muna.
Sif Muna was aware of your devotion.
You visited 1 branch of the dungeon, and saw 3 of its levels.

You collected 108 gold pieces.

Inventory:

Hand Weapons
 a - a +0 shortbow (weapon)
Armour
 c - a +0 leather armour
 h - a +0 chain mail
 i - a +0 ring mail (worn)
 j - a +0 plate armour
Scrolls
 b - a scroll of immolation
 g - a scroll of fog {unknown}
 l - a scroll of enchant weapon {unknown}
Potions
 d - 4 potions of curing {unknown}
 e - a potion of haste {unknown}
 f - a potion of attraction {unknown}
 k - 3 potions of heal wounds {unknown}


   Skills:
 - Level 2.0 Fighting
 + Level 5.3 Ranged Weapons
 - Level 1.7 Dodging
 - Level 0.8 Stealth


You had 3 spell levels left.
You didn't know any spells.
Your spell library contained the following spells:

 Spells                   Type           Power      Damage    Failure   Level
 Ensorcelled Hibernation  Hex/Ice        0%         N/A       80%         2
 Passwall                 Tmut/Erth      0%         N/A       80%         2
 Swiftness                Air            0%         N/A       95%         3


Dungeon Overview and Level Annotations

Branches:
Dungeon (3/15)

Altars:
Sif Muna

Shops:
D:1 (


Innate Abilities, Weirdness & Mutations

You have sharp fingernails.
You are partially covered in large bone plates. (SH +4)


Message History

The water moccasin poisons you!
You shoot an arrow. The arrow hits the water moccasin!
The water moccasin is severely wounded.
You feel very sick. The water moccasin bites you.
The goblin hits you with a +0 club.
You shoot an arrow.
The arrow barely misses the water moccasin.
You feel sick. The water moccasin barely misses you.
You block the goblin's attack. The water moccasin barely misses you.
Fire: a) +0 shortbow
Press: ? - help, Q - select action, (/) - cycle Shift-Dir - straight line, f/p - water moccasin
Aim: a water moccasin (severely wounded, 48% to hit)
You shoot an arrow. The arrow hits the water moccasin.
The water moccasin is severely wounded.
You feel sick. The water moccasin bites you!
The goblin hits you but does no damage.
A rat comes into view.
The water moccasin bites you.
* * * LOW HITPOINT WARNING * * *
The goblin closely misses you.
The rat moves out of view.
Fire: a) +0 shortbow
Press: ? - help, Q - select action, (/) - cycle Shift-Dir - straight line, f/p - water moccasin
Aim: a water moccasin (severely wounded, 48% to hit)
You shoot an arrow.
The arrow hits the water moccasin but does no damage.
The water moccasin is severely wounded.
* * * LOW HITPOINT WARNING * * *
You feel sick.
The water moccasin bites you but does no damage.
The goblin closely misses you. The water moccasin closely misses you.
Fire: a) +0 shortbow
Press: ? - help, Q - select action, (/) - cycle Shift-Dir - straight line, f/p - water moccasin
Aim: a water moccasin (severely wounded, 48% to hit)
You shoot an arrow.
The arrow hits the water moccasin but does no damage.
The water moccasin is severely wounded.
You feel sick.
The water moccasin bites you but does no damage.
You block the goblin's attack. The water moccasin bites you.
You die...

.... .......
## ....... .#
.......## $#
........##.#
#.......#.#
#.......######
#....<..<...#
#..@......#..
#..Sg........
#...?...#.#..
#.......# .##
.........# .#
............ .
..............
...........###


You could see a water moccasin and a goblin.

Vanquished Creatures
  5 adders (D:2)
  A worm (D:2)
  2 dart slugs
  4 endoplasms (D:2)
  3 giant cockroaches
  2 goblins (D:2)
  A hobgoblin (D:2)
  4 jackals (D:1)
  3 kobolds (D:1)
  2 ball pythons
  5 bats
  3 frilled lizards (D:1)
  3 rats
38 creatures vanquished.

Notes
Turn   | Place    | Note
-------+----------+-------------------------------------------
     0 | D:1      | dolemite99 the Demonspawn Hunter began the quest for the
                  | Orb.
     0 | D:1      | Reached XP level 1. HP: 16/16 MP: 1/1
   189 | D:1      | Reached skill level 4 in Ranged Weapons
   378 | D:1      | Gained mutation: You have sharp fingernails. [demonic
                  | ancestry]
   378 | D:1      | Reached XP level 2. HP: 22/22 MP: 2/2
   854 | D:1      | Found Caathr Zutiu's Antique Weapon Shoppe.
  1085 | D:2      | Reached XP level 3. HP: 16/27 MP: 3/3
  1753 | D:2      | Found a faded altar of an unknown god.
  1757 | D:2      | Prayed at the altar of an unknown god.
  1757 | D:2      | Became a worshipper of Sif Muna the Loreminder
  1757 | D:2      | Reached * piety under Sif Muna
  1846 | D:2      | Reached skill level 5 in Ranged Weapons
  1916 | D:2      | Gained mutation: You are partially covered in large bone
                  | plates. (SH +4) [demonic ancestry]
  1916 | D:2      | Reached XP level 4. HP: 33/33 MP: 4/4
  2481 | D:3      | Noticed a water moccasin
  2489 | D:3      | Slain by a water moccasin

Illustrated notes

Levels and vault maps discovered:
D:1:      nzn_arrival_crosshair, layout_loops_corners, serial_shops, shop
D:2:      layout_loops_cross, hellmonk_ecumenical_altar_heavens_door,
          minmay_misc_feat_diagonals, kennysheep_generic_room_13
D:3:      layout_rooms, uniq_terence, uniq_sigmund

Skill      XL: |  1  2  3 |
---------------+----------+-----
Ranged Weapons | 4 5 |  5.3
Fighting       | |  2.0
Dodging        | |  1.7
Stealth        | |  0.8

Action                   |  1- 3 |  4- 6 || total
-------------------------+-------+-------++-------
 Fire: Shortbow          |    95 |    22 ||   117
Armor: Leather armour    |     4 |       ||     4
       Plate armour      |     8 |       ||     8
       Ring mail         |    21 |     4 ||    25
Dodge: Dodged            |    16 |    10 ||    26
Block: Other             |       |     2 ||     2

Table legend: (Time is in decaauts)
 A = Elapsed time spent in this place.
 B = Non-inter-level travel time spent in this place.
 C = Inter-level travel time spent in this place.
 D = Time resting spent in this place.
 E = Time spent auto-exploring this place.
 F = Levels seen in this place.
 G = Mean time per level.
                   A        B        C        D        E       F      G
               +--------+--------+--------+--------+--------+-----+--------+
         Total |   2542 |   2450 |     92 |    776 |   1339 |   3 |  847.3 |
       Dungeon |   2542 |   2450 |     92 |    776 |   1339 |   3 |  847.3 |
               +--------+--------+--------+--------+--------+-----+--------+

Top non-repeatable levels by time:
     D:2: 1508 daAuts
     D:1: 1021 daAuts
     D:3: 12 daAuts
